 Seeded DCSS version 0.29-a0-923-g6e406bff71 (webtiles) character file.

Game seed: 20220728 (custom seed)

53 purpskrrrp the Cudgeller (level 3, -3/23 HPs)
             Began as a Gargoyle Monk on July 28, 2022.
             Slain by a gnoll
             ... wielding a +0 flail of protection
              (7 damage)
             ... on level 2 of the Dungeon.
             The game lasted 00:03:41 (2398 turns).

purpskrrrp the Cudgeller (Gargoyle Monk)            Turns: 2398, Time: 00:03:41

Health: -3/23      AC:  9    Str: 16      XL:     3   Next: 89%
Magic:  3/3        EV: 10    Int:  9 (10) God:
Gold:   85         SH:  0    Dex: 12      Spells: 2/2 levels left

rFire   + . .      SeeInvis .   a - +0 mace (freeze)
rCold   . . .      Faith    .   (no shield)
rNeg    + . .      Spirit   .   h - +0 scale mail {rF+}
rPois   ∞          Reflect  .   (no helmet)
rElec   +          Harm     .   (no cloak)
rCorr   .          Rampage  .   (no gloves)
Will    .....                   (no boots)
Stlth   +.........              (no amulet)
HPRegen 0.07/turn               (no ring)
MPRegen 0.08/turn               (no ring)

@: no status effects
A: sickness immunity, AC +3, negative energy resistance 1, electricity
resistance, torment resistance 1, petrification resistance
a: no special abilities


You were on level 2 of the Dungeon.
You visited 1 branch of the dungeon, and saw 2 of its levels.

You collected 85 gold pieces.

Inventory:

Hand Weapons
 a - a +0 mace of freezing (weapon)
Missiles
 e - 3 boomerangs (quivered)
Armour
 b - a +0 robe
 h - a +0 scale mail of fire resistance (worn)
Wands
 k - a wand of digging (4)
Scrolls
 d - a scroll of enchant armour {unknown}
 f - a scroll of immolation {unknown}
 i - a scroll of fog {unknown}
 j - a scroll of identify {unknown}
 l - a scroll of amnesia {unknown}
 m - a scroll of blinking {unknown}
Potions
 g - 3 potions of heal wounds {unknown}


   Skills:
 + Level 3.6 Fighting
 * Level 4.1 Maces & Flails
 + Level 0.1 Throwing
 * Level 1.1 Armour
 + Level 2.5 Dodging
 + Level 2.3 Stealth


You had 2 spell levels left.
You didn't know any spells.
Your spell library was empty.

Dungeon Overview and Level Annotations

Branches:
Dungeon (2/15)

Altars:
Sif Muna


Innate Abilities, Weirdness & Mutations

You are immune to sickness and miasma.
Your stone body is resilient. (AC +3)
You are immune to poison.
You resist negative energy. (rN+)
You are resistant to electric shocks. (rElec)
You are resistant to unholy torment.
You are immune to petrification.


Message History

You closely miss the gnoll.
The gnoll hits you with a +0 flail of protection.
You closely miss the gnoll. The gnoll barely misses you.
You barely miss the gnoll.
The gnoll hits you with a +0 flail of protection.
* * * LOW HITPOINT WARNING * * *
The gnoll closely misses you.
You are confused.
You feel invigorated. The gnoll barely misses you.
The gnoll hits you with a +0 flail of protection.
The gnoll misses you.
You feel less invigorated.
You feel less confused.
The gnoll hits you with a +0 flail of protection.
The gnoll hits you but does no damage.
You closely miss the gnoll. The gnoll closely misses you.
You barely miss the gnoll.
The gnoll hits you with a +0 flail of protection.
You hit the gnoll but do no damage.
The gnoll hits you with a +0 flail of protection.
You hit the gnoll. You freeze the gnoll.
The gnoll is lightly wounded.
The gnoll hits you with a +0 flail of protection.
* * * LOW HITPOINT WARNING * * *
You closely miss the gnoll.
The gnoll is lightly wounded.
The gnoll barely misses you. The gnoll closely misses you.
You hit the gnoll but do no damage.
The gnoll is lightly wounded.
The gnoll barely misses you.
You hit the gnoll. You freeze the gnoll.
The gnoll is heavily wounded.
The gnoll barely misses you.
You barely miss the gnoll.
The gnoll is heavily wounded.
The gnoll closely misses you.
You hit the gnoll but do no damage.
The gnoll is heavily wounded.
The gnoll hits you with a +0 flail of protection!
You die...

#.#
###########
#.#
######'#####
#..........#
#..........#
#..........#
#..........#
#..........#
#....@.....#
#....g.....#
#..........#
#..........#
#..........#
######.#####
.# ##


You could see a gnoll.

Vanquished Creatures
  2 gnolls (D:2)
  An adder (D:2)
  3 bats
  4 endoplasms
  2 giant cockroaches
  3 goblins
  3 hobgoblins
  A kobold (D:2)
  A quokka (D:1)
  2 ball pythons (D:1)
  2 rats
24 creatures vanquished.

Notes
Turn   | Place    | Note
-------+----------+-------------------------------------------
     0 | D:1      | purpskrrrp the Gargoyle Monk began the quest for the Orb.
     0 | D:1      | Reached XP level 1. HP: 14/14 MP: 1/1
   392 | D:1      | Reached XP level 2. HP: 17/19 MP: 2/2
   859 | D:1      | Found a faded altar of an unknown god.
   875 | D:1      | Prayed at the altar of an unknown god.
   875 | D:1      | Became a worshipper of Sif Muna the Loreminder
   875 | D:1      | Reached * piety under Sif Muna
   875 | D:1      | Reached ** piety under Sif Muna
   878 | D:1      | Fell from the grace of Sif Muna
  1731 | D:2      | Reached XP level 3. HP: 23/23 MP: 3/3
  2335 | D:2      | Reached skill level 4 in Maces & Flails
  2335 | D:2      | Reached skill level 1 in Armour
  2398 | D:2      | Slain by a gnoll

Illustrated notes

Levels and vault maps discovered:
D:1:      dpeg_arrival_erosion, layout_basic, ebering_ecumenical_altar_abandoned
D:2:      layout_basic

Skill      XL: |  1  2  3 |
---------------+----------+-----
Maces & Flails | 4 |  4.1
Armour         | 1 |  1.1
Fighting       | |  3.6
Throwing       | |  0.1
Dodging        | |  2.5
Stealth        | |  2.3

Action                   || total
-------------------------++-------
Melee: Mace              ||    90
Throw: Boomerang         ||     6
Invok: Renounce Religion ||     1
  Use: Scroll            ||     1
       Potion            ||     2
 Stab: Sleeping          ||     1
       Invisible         ||     3
Armor: Robe              ||    19
       Scale mail        ||    14
Dodge: Dodged            ||    72

Table legend: (Time is in decaauts)
 A = Elapsed time spent in this place.
 B = Non-inter-level travel time spent in this place.
 C = Inter-level travel time spent in this place.
 D = Time resting spent in this place.
 E = Time spent auto-exploring this place.
 F = Levels seen in this place.
 G = Mean time per level.
                   A        B        C        D        E       F      G
               +--------+--------+--------+--------+--------+-----+--------+
         Total |   2428 |   2369 |     59 |      0 |   2074 |   2 | 1214.0 |
       Dungeon |   2428 |   2369 |     59 |      0 |   2074 |   2 | 1214.0 |
               +--------+--------+--------+--------+--------+-----+--------+

Top non-repeatable levels by time:
     D:1: 1461 daAuts
     D:2: 966 daAuts
